[ AOE2 MATCH · #506762234 ]
UnrankedPersians vs Khmer
Player's team · WIN
Rival team · LOSS
[ REPLAY ANALYSIS · EXTRACTED FROM THE RECORDED GAME ]
Feudal
—
Castle
—
Imperial
—
| APM avg | 59.8 |
| APM peak | 172 |
| eAPM avg | 29.9 |
| Villagers / military | 32 / 0 |
Focus
⚔️ 27.5% · 🌾 72.5%
Feudal
—
Castle
—
Imperial
—
| APM avg | 50.6 |
| APM peak | 79 |
| eAPM avg | 18.9 |
| Villagers / military | 19 / 0 |
Focus
⚔️ 16.7% · 🌾 83.3%
Match map
Initial resources + every placement click. Lines = walls · curves = elevation contours. ◆ gold · ⬟ stone · ● berries · ✦ relic · ◌ wall gap
Your base
ajbdkla3652's base
Smoothed initial terrain · ◌ = detected wall gap · hover for details
Inputs per minute
— [GDL] especialista - - ajbdkla3652
Build order — [GDL] especialista
42 actions detected in the replay
| 0:00 | Queue | Villager (Male) |
| 0:01 | Queue | Villager (Male) |
| 0:02 | Build | House |
| 0:04 | Build | House |
| 0:27 | Queue | Villager (Male) |
| 0:27 | Queue | Villager (Male) |
| 0:40 | Queue | Villager (Male) |
| 0:40 | Queue | Villager (Male) |
| 1:22 | Queue | Villager (Male) |
| 2:00 | Build | Lumber Camp |
| 2:02 | Queue | Villager (Male) |
| 2:37 | Queue | Villager (Male) |
| 2:37 | Queue | Villager (Male) |
| 2:38 | Queue | Villager (Male) |
| 3:16 | Build | House |
| 3:32 | Queue | Villager (Male) |
| 3:32 | Queue | Villager (Male) |
| 3:32 | Queue | Villager (Male) |
| 3:50 | Research | Loom |
| 4:12 | Queue | Villager (Male) |
| 4:32 | Queue | Villager (Male) |
| 5:22 | Queue | Villager (Male) |
| 5:23 | Queue | Villager (Male) |
| 5:24 | Queue | Villager (Male) |
| 6:30 | Build | Town Center |
| 6:36 | Build | Town Center |
| 6:46 | Build | Town Center |
| 6:53 | Build | Town Center |
| 7:12 | Build | Mill |
| 7:59 | Queue | Villager (Male) |
| 7:59 | Queue | Villager (Male) |
| 8:00 | Queue | Villager (Male) |
| 8:00 | Queue | Villager (Male) |
| 8:00 | Queue | Villager (Male) |
| 8:26 | Queue | Villager (Male) |
| 8:26 | Queue | Villager (Male) |
| 9:09 | Queue | Villager (Male) |
| 9:10 | Queue | Villager (Male) |
| 9:36 | Queue | Villager (Male) |
| 9:36 | Queue | Villager (Male) |
| 10:24 | Queue | Villager (Male) |
| 11:07 | Queue | Villager (Male) |
Build order — ajbdkla3652
33 actions detected in the replay
| 0:00 | Queue | Villager (Male) |
| 0:02 | Build | House |
| 0:03 | Build | House |
| 0:07 | Queue | Villager (Male) |
| 0:08 | Queue | Villager (Male) |
| 0:11 | Queue | Villager (Male) |
| 1:23 | Queue | Villager (Male) |
| 1:48 | Build | Lumber Camp |
| 1:52 | Queue | Villager (Male) |
| 2:21 | Queue | Villager (Male) |
| 2:37 | Queue | Villager (Male) |
| 3:00 | Build | House |
| 3:10 | Queue | Villager (Male) |
| 3:46 | Queue | Villager (Male) |
| 4:28 | Queue | Villager (Male) |
| 4:29 | Research | Loom |
| 4:31 | Queue | Villager (Male) |
| 4:57 | Build | Mill |
| 5:14 | Queue | Villager (Male) |
| 5:39 | Queue | Villager (Male) |
| 5:48 | Build | House |
| 5:50 | Build | Palisade Wall |
| 5:57 | Queue | Villager (Male) |
| 6:21 | Queue | Villager (Male) |
| 6:31 | Build | House |
| 6:36 | Build | Palisade Wall |
| 6:39 | Build | Palisade Wall |
| 6:46 | Build | Palisade Wall |
| 8:16 | Queue | Villager (Male) |
| 8:17 | Queue | Villager (Male) |
| 9:29 | Build | Lumber Camp |
| 9:40 | Queue | Villager (Male) |
| 10:08 | Research | Feudal Age |
Match timeline
| 5:50 | ajbdkla3652 · wall_segment Palisade Wall x3 |
| 6:36 | ajbdkla3652 · wall_segment Palisade Wall x2 |
| 6:39 | ajbdkla3652 · wall_segment Palisade Wall x1 |
| 6:46 | ajbdkla3652 · wall_segment Palisade Wall x1 |
| 11:10 | ajbdkla3652 · resign |
[ AI ANALYSIS · 1 CREDIT ]
What really happened in this match?
Wolo.gg analyzes every decision: build order, eco, micro, common mistakes by bracket. Personalized analysis on WhatsApp or Discord in 30 seconds.
Civ guide
Persians
Perfil
[GDL] especialista